 Dungeon Crawl Stone Soup version 0.26.1 (webtiles) character file.

Game seed: 1456159995094284193

2491 growler the Zephyrmancer (level 9, 0/53 HPs)
             Began as a Tengu Air Elementalist on Feb 6, 2021.
             Was a Follower of Vehumet.
             Slain by a troll (6 damage)
             ... on level 8 of the Dungeon.
             The game lasted 00:22:24 (8296 turns).

growler the Zephyrmancer (Tengu Air Elementalist)   Turns: 8296, Time: 00:22:25

Health: 0/53       AC: 10    Str: 13    XL:     9   Next: 52%
Magic:  11/17      EV: 14    Int: 14    God:    Vehumet [*.....]
Gold:   525        SH:  0    Dex: 15    Spells: 3/18 levels left

rFire    . . .     SeeInvis +   w - +11 long sword of Circular Logic {pain, rPois Str+4 Int-4 SInv}
rCold    . . .     Faith    .   (no shield)
rNeg     . . .     Spirit   .   z - +2 leather armour {Will+}
rPois    +         Reflect  .   i - +2 hat
rElec    .         Harm     .   c - +2 cloak
rCorr    .         Rampage  .   (no gloves)
Will     +....                  (boots unavailable)
Stlth    ++........             (no amulet)
HPRegen  0.17/turn              (no ring)
MPRegen  0.15/turn              (no ring)

@: flying quickly and evasively, quick
A: beak, talons 3, able to fly
a: Stop Flying, Renounce Religion


You were on level 8 of the Dungeon.
You worshipped Vehumet.
Vehumet was aware of your devotion.
You visited 2 branches of the dungeon, and saw 9 of its levels.

You collected 525 gold pieces.

Inventory:

Hand Weapons
 s - a +3 dagger of venom
   (You found it on level 1 of the Dungeon)
 w - the +11 long sword of Circular Logic (weapon) {pain, rPois Str+4 Int-4 SInv}
   (You found it on level 4 of the Dungeon)

   In the hands of one skilled in necromantic magic, it inflicts extra damage on
   living creatures.
   It affects your strength (+4).
   It affects your intelligence (-4).
   It protects you from poison.
   It lets you see invisible.
Armour
 a - a +0 robe
 c - a +2 cloak (worn)
   (You found it on level 6 of the Dungeon)
 i - a +2 hat (worn)
   (You found it on level 2 of the Dungeon)
 t - a +0 kite shield
   (You found it on level 3 of the Dungeon)
 z - a +2 leather armour of willpower (worn)
   (You took it off Eustachio on level 5 of the Dungeon)
Magical Staves
 D - an uncursed staff of conjuration {!a}
   (You found it on level 5 of the Dungeon)
Jewellery
 k - an uncursed ring of ice {unknown}
   (You found it on level 7 of the Dungeon)
 m - a +4 ring of protection
   (You found it on level 2 of the Dungeon)
 x - an uncursed ring of protection from cold {unknown}
   (You found it on level 4 of the Dungeon)
Wands
 d - a wand of iceblast (26)
   (You took it off Ijyb on level 3 of the Dungeon)
Scrolls
 b - a scroll of blinking
 e - a scroll of enchant armour {unknown}
 f - a scroll of remove curse {@r2}
 g - 5 scrolls of teleportation {@r4}
 o - 2 scrolls of immolation {!r}
 q - 3 scrolls of identify {@r1}
 y - a scroll of magic mapping
Potions
 h - a potion of haste {@q3}
 j - 3 potions of lignification {!q}
 l - a potion of heal wounds {unknown}
 n - 3 potions of ambrosia
 p - 2 potions of curing {@q1}
 r - a potion of invisibility
 A - 3 potions of resistance
 B - a potion of attraction {!q}


   Skills:
 + Level 4.8 Fighting
 - Level 2.1 Dodging
 - Level 2.0 Stealth
 + Level 4.8 Shields
 - Level 5.0 Spellcasting
 - Level 7.0 Conjurations
 + Level 10.3 Air Magic


You had 3 spell levels left.
You knew the following spells:

 Your Spells              Type           Power        Failure   Level
a - Shock                 Conj/Air       100%         1%          1
b - Airstrike             Air            16%          3%          4
c - Lightning Bolt        Conj/Air       13%          17%         5
d - Static Discharge      Conj/Air       27%          1%          3
s - Swiftness             Air            32%          1%          2

Your spell library contained the following spells:

 Spells                   Type           Power        Failure   Level
 Magic Dart               Conj           92%          1%          1


Dungeon Overview and Level Annotations

Branches:
Dungeon (8/15)             Temple (1/1) D:6
   Lair: D:8-11

Altars:
Ashenzari
Cheibriados
Elyvilon
Fedhas
Gozag
Hepliaklqana
Kikubaaqudgha
Makhleb
Nemelex Xobeh
Qazlal
Ru
Sif Muna
Trog
Uskayaw
Vehumet
Wu Jian
Xom
Yredelemnul
Zin
The Shining One


Innate Abilities, Weirdness & Mutations

You have a beak for a mouth.
You have claws for feet.
You can fly continuously.


Message History

The hound closely misses you.
The wight hits you with a cursed +0 spear!
You feel drained. The bullfrog zombie closely misses you.
You riposte.
You slash the bullfrog zombie! The hound bites you but does no damage.
You slash the wight!
You destroy the wight!
Vehumet accepts your kill. The bullfrog zombie misses you.
You riposte.
You slash the bullfrog zombie! The hound bites you but does no damage.
The bullfrog zombie hits you. The hound bites you.
You slash the bullfrog zombie!
You destroy the bullfrog zombie!
Vehumet accepts your kill. The hound closely misses you.
The hound barely misses you.
You riposte.
You completely miss the hound. Your kick misses the hound.
Your life force feels restored.
You slice the hound!!
You kill the hound!
Vehumet accepts your kill.
A wolf comes into view.
A quokka comes into view.
The wolf howls!
You hit the troll. You peck the troll, but do no damage.
You hear a bark!
You hear a shout!
A hound comes into view.
The troll bites you but does no damage. The troll barely misses you.
The troll misses you.
You slash the troll! You claw the troll. The troll completely misses you.
You riposte.
You hit the troll. You peck the troll, but do no damage. The troll claws you.
The troll closely misses you. The troll bites you.
* * * LOW HITPOINT WARNING * * *
The troll closely misses you. The troll claws you but does no damage.
The troll is struck by an arc of lightning.
The wolf is struck by an arc of lightning.
The lightning grounds out.
The wolf bites you.
* * * LOW HITPOINT WARNING * * *
The troll bites you but does no damage. The troll claws you but does no damage.
The troll closely misses you.
The troll is struck by an arc of lightning.
The wolf is struck by an arc of lightning.
The lightning grounds out.
The wolf is struck by an arc of lightning!
You are struck by an arc of lightning.
* * * LOW HITPOINT WARNING * * *
The lightning grounds out.
The wolf bites you.
* * * LOW HITPOINT WARNING * * *
A centaur comes into view.
The wolf bites you but does no damage. The troll bites you!
* * * LOW HITPOINT WARNING * * *
The troll claws you but does no damage. The troll claws you.
You die...

.............##
........).....##
.......).......### .
.................#..
...........)........
....................
...≈....<...........
≈..≈.≈..............
≈.≈.........@.......
≈≈≈≈≈...#..Th...!#..
≈≈..#.r......... ≈≈.
#h.......#..
.....$....#..
.............
.c.........##.#
≈........... ..


You could see a troll, a wolf, a centaur, a hound and a quokka.

Vanquished Creatures
  Sigmund (D:6)
  Eustachio (D:5)
  Duvessa (D:4)
  An orc warrior (D:6)
  A sky beast (D:6)
  A phantom (D:6)
  3 ogres
  A centaur (D:7)
  2 bullfrogs
  Dowan (D:4)
  A scorpion (D:7)
  3 killer bees (D:7)
  8 wights
  A howler monkey (D:5)
  A bullfrog zombie (D:8)
  3 orc priests
  3 jellies
  3 hounds
  5 orc wizards
  An iguana (D:7)
  Ijyb (D:3)
  4 worker ants
  2 adders (D:2)
  2 shadow imps
  A white imp (D:6)
  An ufetubus (D:6)
  An ooze (D:4)
  An adder zombie (D:6)
  An adder skeleton (D:6)
  2 worms
  2 dart slugs (D:4)
  3 leopard geckos
  29 orcs
  A ball python (D:4)
  5 bats
  4 giant cockroaches
  8 goblins
  4 hobgoblins
  6 jackals
  3 kobolds
  7 quokkas
  7 frilled lizards
  A jackal skeleton (D:4)
  A leopard gecko skeleton (D:5)
  3 rats (D:3)
142 creatures vanquished.

Notes
Turn   | Place    | Note
-------+----------+-------------------------------------------
     0 | D:1      | growler the Tengu Air Elementalist began the quest for the
                  | Orb.
     0 | D:1      | Reached XP level 1. HP: 10/10 MP: 4/4
   225 | D:1      | Reached XP level 2. HP: 15/15 MP: 0/6
   228 | D:1      | Learned a level 2 spell: Swiftness
   766 | D:2      | Found a snail-covered altar of Cheibriados.
   787 | D:2      | Found a broken altar of Ashenzari.
  1070 | D:2      | Reached XP level 3. HP: 19/19 MP: 5/7
  1112 | D:2      | Found a faded altar of an unknown god.
  1251 | D:2      | Reached XP level 4. HP: 11/24 MP: 5/9
  1257 | D:2      | Learned a level 3 spell: Static Discharge
  1595 | D:2      | Reached skill level 5 in Air Magic
  1918 | D:3      | Found a shimmering altar of Xom.
  1924 | D:3      | Found a sacrificial altar of Ru.
  1924 | D:3      | Found an ancient bone altar of Kikubaaqudgha.
  1927 | D:3      | Found a hazy altar of Hepliaklqana.
  1927 | D:3      | Found a glowing golden altar of the Shining One.
  1927 | D:3      | Found a stormy altar of Qazlal.
  1993 | D:3      | Gained mutation: You can fly continuously. [Tengu growth]
  1993 | D:3      | Reached XP level 5. HP: 28/28 MP: 4/10
  2297 | D:3      | Noticed Ijyb
  2305 | D:3      | Killed Ijyb
  2907 | D:4      | Got a steaming long sword
  2908 | D:4      | Identified the +11 long sword of Circular Logic {pain,
                  | rPois Str+4 Int-4 SInv} (You found it on level 4 of the
                  | Dungeon)
  2914 | D:4      | Learned a level 4 spell: Airstrike
  2938 | D:4      | Reached XP level 6. HP: 32/32 MP: 4/12
  2999 | D:4      | Noticed Duvessa
  2999 | D:4      | Noticed Dowan
  3014 | D:4      | Killed Duvessa
  3015 | D:4      | Reached skill level 6 in Air Magic
  3016 | D:4      | Killed Dowan
  3017 | D:4      | Reached skill level 5 in Conjurations
  3322 | D:4      | Reached XP level 7. HP: 26/36 MP: 6/14
  3628 | D:4      | Found a hazy altar of Hepliaklqana.
  3728 | D:4      | Found a hide-covered altar of Uskayaw.
  4224 | D:4      | Found a blossoming altar of Fedhas.
  4332 | D:4      | Found an ornate altar of the Wu Jian Council.
  4335 | D:4      | Found a sacrificial altar of Ru.
  4372 | D:5      | Entered Level 5 of the Dungeon
  4387 | D:5      | Noticed Eustachio
  4402 | D:5      | Reached skill level 7 in Air Magic
  4403 | D:5      | Killed Eustachio
  4589 | D:5      | Reached skill level 5 in Spellcasting
  4589 | D:5      | Reached XP level 8. HP: 40/41 MP: 6/16
  4816 | D:5      | Reached skill level 8 in Air Magic
  4822 | D:5      | Learned a level 5 spell: Lightning Bolt
  5031 | D:5      | Reached skill level 1 in Shields
  5032 | D:5      | Reached skill level 1 in Fighting
  5896 | D:6      | Found a sparkling altar of Nemelex Xobeh.
  6233 | D:6      | Noticed Sigmund
  6253 | D:6      | Killed Sigmund
  6254 | D:6      | Reached skill level 9 in Air Magic
  6399 | D:6      | Found a staircase to the Ecumenical Temple.
  6415 | Temple   | Entered the Ecumenical Temple
  6466 | Temple   | Became a worshipper of Vehumet
  6736 | D:6      | Found a glowing golden altar of the Shining One.
  6853 | D:6      | Reached XP level 9. HP: 41/51 MP: 17/17
  7018 | D:6      | Found a shimmering blue altar of Sif Muna.
  7395 | D:7      | Found a burning altar of Makhleb.
  7874 | D:7      | Reached skill level 10 in Air Magic
  8199 | D:8      | Reached * piety under Vehumet
  8199 | D:8      | Offered knowledge of Magic Dart by Vehumet.
  8288 | D:8      | Noticed a troll
  8296 | D:8      | Slain by a troll

Illustrated notes

Levels and vault maps discovered:
D:1:      lemuel_arrival_muddy, layout_loops_ring,
          amcnicky_mini_corridor_feature
D:2:      cheibrodos_pilgrimage, layout_basic, evilmike_ruin_ashenzari,
          nicolae_overflow_hidden_temple, chequers_ecumenical_altar_twisty
D:3:      layout_loops_ring, doesnt_xom_only_xom, minmay_distorted, uniq_ijyb
D:4:      layout_basic, nicolae_overflow_crystal_walls, kennysheep_little_box,
          minitemple, kennysheep_nondescript, minivault_19, fedhas_altar_4,
          uniq_duvessa
D:5:      layout_basic, uniq_eustachio
D:6:      layout_cave_pods, overflow_temple_1_default,
          nemelex_xobeh_ov_fountains_minmay, tgw_sif, minmay_temple_entry_tees,
          chequers_serial_rivers_micro_d, minmay_misc_feat_columns, uniq_sigmund
D:7:      layout_cave_pools, bloody_makhleb, minmay_misc_feat_room
D:8:      layout_cave_pools, overflow_temple_1_default, erik_lair_island,
          minmay_lizard_king
Temple:   compressed_dpeg_circular_temple

Skill      XL: |  1  2  3  4  5  6  7  8  9 |
---------------+----------------------------+-----
Conjurations   | 2 3 4 5 6 7 |  7.0
Air Magic      | 5 6 7 9 10 | 10.3
Spellcasting   | 3 4 5 |  5.0
Shields        | 3 4 |  4.8
Fighting       | 3 4 |  4.8
Dodging        | |  2.1
Stealth        | |  2.0

Action                   |  1- 3 |  4- 6 |  7- 9 || total
-------------------------+-------+-------+-------++-------
Melee: Dagger            |    41 |    45 |       ||    86
       Short sword       |     1 |       |       ||     1
       Kick              |     6 |    14 |    14 ||    34
       Peck              |     3 |     8 |    16 ||    27
       Long sword        |       |     8 |    69 ||    77
       Staff             |       |       |     3 ||     3
 Cast: Shock             |    22 |    33 |    35 ||    90
       Static Discharge  |       |     6 |     8 ||    14
       Airstrike         |       |     2 |    48 ||    50
 Abil: Fly               |       |     1 |       ||     1
  Use: Scroll            |       |       |    14 ||    14
 Stab: Sleeping          |     1 |       |     2 ||     3
Armor: Robe              |    13 |    15 |     1 ||    29
       Leather armour    |       |       |    37 ||    37
Dodge: Dodged            |    26 |    31 |    66 ||   123
       Rpst.: Long sword |       |     1 |    21 ||    22
